% Time on Ice - RENO LIONS
Lines # - Real PCT - Wanted PCT - Time Play
Normal Forward
1 - 37% - 36% - 19:12
2 - 33% - 31% - 16:55
3 - 22% - 23% - 11:31
4 - 8% - 10% - 4:21
Normal Defense
1 - 33% - 36% - 17:06
2 - 31% - 31% - 15:52
3 - 27% - 23% - 13:56
4 - 10% - 10% - 5:05
PP Forward
1 - 49% - 55% - 1:59
2 - 51% - 45% - 2:04
PP Defense
1 - 59% - 55% - 2:24
2 - 41% - 45% - 1:39
PK Forward
1 - 56% - 55% - 2:13
2 - 44% - 45% - 1:45
PK Defense
1 - 65% - 55% - 2:34
2 - 35% - 45% - 1:24
PK3 Forward
1 - 0% - 55%
2 - 0% - 45%
PK3 Defense
1 - 0% - 55%
2 - 0% - 45%
44 Forward
1 - 0% - 55%
2 - 0% - 45%
44 Defense
1 - 0% - 55%
2 - 0% - 45%
Last Minute Offensive  - 0:00
Last Minute Defensive  - 0:00
Total
Forward - 60:00
Defense - 60:00
% Time on Ice - REGINA FALCONS
Lines # - Real PCT - Wanted PCT - Time Play
Normal Forward
1 - 33% - 36% - 17:11
2 - 30% - 31% - 15:29
3 - 22% - 23% - 11:19
4 - 15% - 10% - 8:00
Normal Defense
1 - 32% - 36% - 16:24
2 - 34% - 31% - 17:34
3 - 33% - 23% - 16:55
4 - 2% - 10% - 1:06
PP Forward
1 - 55% - 55% - 2:10
2 - 45% - 45% - 1:48
PP Defense
1 - 55% - 55% - 2:10
2 - 45% - 45% - 1:48
PK Forward
1 - 64% - 55% - 2:35
2 - 36% - 45% - 1:28
PK Defense
1 - 51% - 55% - 2:05
2 - 49% - 45% - 1:58
PK3 Forward
1 - 0% - 55%
2 - 0% - 45%
PK3 Defense
1 - 0% - 55%
2 - 0% - 45%
44 Forward
1 - 0% - 55%
2 - 0% - 45%
44 Defense
1 - 0% - 55%
2 - 0% - 45%
Last Minute Offensive  - 0:00
Last Minute Defensive  - 0:00
Total
Forward - 60:00
Defense - 60:00
Play-by-Play 1st period 0:01 of 1st period - Elias Pettersson wins face-off versus Rickard Rakell in neutral zone. 0:01 of 1st period - Elias Pettersson is hit by Max Jones. 0:21 of 1st period - Shot by Elias Pettersson. 0:21 of 1st period - Stopped by Anton Khudobin without a rebound. 0:22 of 1st period - Nick Bjugstad wins face-off versus Alexander Kerfoot in REGINA FALCONS zone. 1:15 of 1st period - Icing by Dominik Kubalik. 1:16 of 1st period - Trent Frederic wins face-off versus Alexander Kerfoot in REGINA FALCONS zone. 1:25 of 1st period - Shot by Patrick Brown. 1:25 of 1st period - Stopped by Anton Khudobin without a rebound. 1:26 of 1st period - Pierre-Luc Dubois wins face-off versus Jacob Peterson in REGINA FALCONS zone. 1:26 of 1st period - Elias Pettersson is hit by Filip Roos and loses puck. 1:40 of 1st period - Kirill Kaprizov is hit by Pierre-Olivier Joseph and loses puck. 2:11 of 1st period - Shot by Kirill Kaprizov. 2:11 of 1st period - Stopped by Anton Khudobin without a rebound. 2:12 of 1st period - Trent Frederic wins face-off versus Rickard Rakell in REGINA FALCONS zone. 2:13 of 1st period - Shot by Juuso Valimaki. 2:13 of 1st period - Shot Misses the Net. 2:15 of 1st period - Shot by Juuso Valimaki. 2:15 of 1st period - Shot Blocked by John Klingberg. 2:17 of 1st period - Shot by Ethan Bear. 2:17 of 1st period - Shot Misses the Net. 2:19 of 1st period - Shot by Trent Frederic. 2:19 of 1st period - Shot Blocked by Alexander Edler. 2:33 of 1st period - Shot by Patrick Brown. 2:33 of 1st period - Stopped by Anton Khudobin without a rebound. 2:34 of 1st period - Nick Bjugstad wins face-off versus Egor Afanasyev in REGINA FALCONS zone. 2:34 of 1st period - Max Domi is hit by Zach Bogosian and loses puck. 2:41 of 1st period - Shot by Egor Afanasyev. 2:41 of 1st period - Shot Misses the Net. 2:45 of 1st period - Shot by Jeff Malott. 2:45 of 1st period - Stopped by Stuart Skinner without a rebound. 2:46 of 1st period - Rickard Rakell wins face-off versus Alex Steeves in RENO LIONS zone. 3:01 of 1st period - Shot by Andrei Kuzmenko. 3:01 of 1st period - Shot Misses the Net. 3:07 of 1st period - Shot by Rickard Rakell. 3:07 of 1st period - Shot Misses the Net. 3:25 of 1st period - Shot by Rickard Rakell. 3:25 of 1st period - Shot Misses the Net. 3:59 of 1st period - Shot by Elias Pettersson. 3:59 of 1st period - Stopped by Anton Khudobin with a rebound. 4:15 of 1st period - Shot by Elias Pettersson. 4:15 of 1st period - Shot Blocked by Pierre-Olivier Joseph. 4:17 of 1st period - Shot by Pierre-Luc Dubois. 4:17 of 1st period - Stopped by Anton Khudobin without a rebound. 4:18 of 1st period - Alexander Kerfoot wins face-off versus Nick Bjugstad in REGINA FALCONS zone. 4:38 of 1st period - Shot by Max Domi. 4:38 of 1st period - Stopped by Anton Khudobin without a rebound. 4:39 of 1st period - Pierre-Luc Dubois wins face-off versus Jacob Peterson in REGINA FALCONS zone. 5:04 of 1st period - Shot by Elias Pettersson. 5:04 of 1st period - Stopped by Anton Khudobin with a rebound. 5:11 of 1st period - Shot by Kirill Kaprizov. 5:11 of 1st period - Stopped by Anton Khudobin without a rebound. 5:12 of 1st period - Alexander Kerfoot wins face-off versus Trent Frederic in REGINA FALCONS zone. 5:19 of 1st period - Minor Penalty to Mattias Samuelsson for Holding. 5:20 of 1st period - Nick Bjugstad wins face-off versus Rickard Rakell in RENO LIONS zone. 5:58 of 1st period - Shot by Kirill Kaprizov. 5:58 of 1st period - Shot Blocked by Alexander Edler. 6:06 of 1st period - Shot by Pierre-Luc Dubois. 6:06 of 1st period - Shot Blocked by Alexander Edler. 6:08 of 1st period - Shot by Ethan Bear. 6:08 of 1st period - Stopped by Anton Khudobin without a rebound. 6:09 of 1st period - Nick Bjugstad wins face-off versus Alexander Kerfoot in REGINA FALCONS zone. 6:22 of 1st period - Shot by Alexander Kerfoot. 6:22 of 1st period - Shot Misses the Net. 6:24 of 1st period - Shot by Zach Bogosian. 6:24 of 1st period - Shot Misses the Net. 6:26 of 1st period - Shot by Zach Bogosian. 6:26 of 1st period - Shot Misses the Net. 6:28 of 1st period - Shot by Dominik Kubalik. 6:28 of 1st period - Stopped by Stuart Skinner without a rebound. 6:29 of 1st period - Pierre-Luc Dubois wins face-off versus Alexander Kerfoot in RENO LIONS zone. 6:35 of 1st period - Icing by Alexander Kerfoot. 6:36 of 1st period - Elias Pettersson wins face-off versus Alexander Kerfoot in REGINA FALCONS zone. 6:37 of 1st period - Shot by Nick Bjugstad. 6:37 of 1st period - Shot Misses the Net. 7:01 of 1st period - Shot by Dominik Kubalik. 7:01 of 1st period - Shot Misses the Net. 7:03 of 1st period - Shot by Zach Bogosian. 7:03 of 1st period - Shot Misses the Net. 7:47 of 1st period - Shot by Nicholas Ritchie. 7:47 of 1st period - Shot Misses the Net. 8:21 of 1st period - Shot by Andrei Kuzmenko. 8:21 of 1st period - Shot Misses the Net. 8:23 of 1st period - Shot by John Klingberg. 8:23 of 1st period - Shot Misses the Net. 8:48 of 1st period - Icing by John Klingberg. 8:49 of 1st period - Elias Pettersson wins face-off versus Rickard Rakell in REGINA FALCONS zone. 9:24 of 1st period - Shot by Elias Pettersson. 9:24 of 1st period - Shot Misses the Net. 9:26 of 1st period - Shot by Elias Pettersson. 9:26 of 1st period - Deflect By Kirill Kaprizov. 9:26 of 1st period - Stopped by Anton Khudobin without a rebound. 9:27 of 1st period - Egor Afanasyev wins face-off versus Trent Frederic in REGINA FALCONS zone. 9:27 of 1st period - Egor Afanasyev is hit by Patrick Brown. 10:22 of 1st period - Icing by Ethan Bear. 10:23 of 1st period - Max Domi wins face-off versus Alexander Kerfoot in RENO LIONS zone. 10:23 of 1st period - Max Domi is hit by Patric Hornqvist. 10:33 of 1st period - Shot by Max Domi. 10:33 of 1st period - Shot Misses the Net. 10:36 of 1st period - Icing by Marco Scandella. 10:37 of 1st period - Alexander Kerfoot wins face-off versus Pierre-Luc Dubois in REGINA FALCONS zone. 10:52 of 1st period - Shot by Pierre-Luc Dubois. 10:52 of 1st period - Stopped by Anton Khudobin with a rebound. 11:55 of 1st period - Shot by Rickard Rakell. 11:55 of 1st period - Stopped by Stuart Skinner without a rebound. 11:56 of 1st period - Nick Bjugstad wins face-off versus Jacob Peterson in RENO LIONS zone. 11:56 of 1st period - Nick Bjugstad is hit by Jacob Peterson. 12:03 of 1st period - Max Domi is hit by Filip Roos and loses puck. 12:20 of 1st period - Shot by Jacob Peterson. 12:20 of 1st period - Stopped by Stuart Skinner without a rebound. 12:21 of 1st period - Nicholas Ritchie wins face-off versus Egor Afanasyev in RENO LIONS zone. 13:14 of 1st period - Shot by Nick Bjugstad. 13:14 of 1st period - Shot Blocked by Marco Scandella. 13:46 of 1st period - Shot by Max Domi. 13:46 of 1st period - Shot Blocked by Marco Scandella. 13:48 of 1st period - Shot by Nick Bjugstad. 13:48 of 1st period - Deflect By Dylan Strome. 13:48 of 1st period - Shot Misses the Net. 14:12 of 1st period - Shot by Elias Pettersson. 14:12 of 1st period - Shot Misses the Net. 14:36 of 1st period - Elias Pettersson is hit by Alexander Edler. 14:38 of 1st period - Shot by Pierre-Luc Dubois. 14:38 of 1st period - Stopped by Anton Khudobin without a rebound. 14:39 of 1st period - Alex Steeves wins face-off versus Alexander Kerfoot in REGINA FALCONS zone. 14:39 of 1st period - Alex Steeves is hit by Filip Roos. 14:40 of 1st period - Alex Steeves from RENO LIONS is injured at 14:40 of 1st period (Sprained Left Knee). 14:41 of 1st period - Nicholas Ritchie wins face-off versus Alexander Kerfoot in REGINA FALCONS zone. 14:49 of 1st period - Alexander Kerfoot is hit by Nicholas Ritchie and loses puck. 14:54 of 1st period - Ethan Bear is hit by Patric Hornqvist and loses puck. 15:11 of 1st period - Pierre-Olivier Joseph is hit by Nicholas Ritchie and loses puck. 15:19 of 1st period - Icing by Juuso Valimaki. 15:20 of 1st period - Rickard Rakell wins face-off versus Nicholas Ritchie in RENO LIONS zone. 15:20 of 1st period - John Klingberg is hit by Ethan Bear and loses puck. 15:44 of 1st period - Icing by Ethan Bear. 15:45 of 1st period - Trent Frederic wins face-off versus Jacob Peterson in RENO LIONS zone. 15:50 of 1st period - Minor Penalty to Nicholas Ritchie for Roughing. 15:51 of 1st period - Rickard Rakell wins face-off versus Nick Bjugstad in RENO LIONS zone. 16:26 of 1st period - Shot by Andrei Kuzmenko. 16:26 of 1st period - Stopped by Stuart Skinner without a rebound. 16:27 of 1st period - Pierre-Luc Dubois wins face-off versus Alexander Kerfoot in RENO LIONS zone. 16:27 of 1st period - Pierre-Luc Dubois is hit by Patric Hornqvist. 16:43 of 1st period - Shot by Dominik Kubalik. 16:43 of 1st period - Stopped by Stuart Skinner with a rebound. 16:45 of 1st period - Shot by Marco Scandella. 16:45 of 1st period - Shot Blocked by Elias Pettersson. 17:39 of 1st period - Shot by Andrei Kuzmenko. 17:39 of 1st period - Stopped by Stuart Skinner with a rebound. 18:22 of 1st period - Shot by Nicholas Ritchie. 18:22 of 1st period - Stopped by Anton Khudobin without a rebound. 18:23 of 1st period - Nick Bjugstad wins face-off versus Egor Afanasyev in REGINA FALCONS zone. 18:28 of 1st period - Shot by Nick Bjugstad. 18:28 of 1st period - Stopped by Anton Khudobin without a rebound. 18:29 of 1st period - Egor Afanasyev wins face-off versus Pierre-Luc Dubois in REGINA FALCONS zone. 18:38 of 1st period - Shot by Egor Afanasyev. 18:38 of 1st period - Deflect By Jeff Malott. 18:38 of 1st period - Stopped by Stuart Skinner without a rebound. 18:39 of 1st period - Alexander Kerfoot wins face-off versus Nick Bjugstad in RENO LIONS zone. 18:52 of 1st period - Shot by Dominik Kubalik. 18:52 of 1st period - Stopped by Stuart Skinner without a rebound. 18:53 of 1st period - Pierre-Luc Dubois wins face-off versus Rickard Rakell in RENO LIONS zone. 19:02 of 1st period - Shot by Elias Pettersson. 19:02 of 1st period - Shot Misses the Net. 19:04 of 1st period - Shot by Kirill Kaprizov. 19:04 of 1st period - Deflect By Elias Pettersson. 19:04 of 1st period - Goal by Elias Pettersson - RENO LIONS : 1 - REGINA FALCONS : 0. 19:05 of 1st period - Dominik Kubalik wins face-off versus Nick Bjugstad in neutral zone. Goals for this period are 1 for RENO LIONS vs 0 for REGINA FALCONS. Shots for this period are 16 for RENO LIONS vs 9 for REGINA FALCONS. 2nd period 0:01 of 2nd period - Rickard Rakell wins face-off versus Pierre-Luc Dubois in neutral zone. 0:13 of 2nd period - Shot by Rickard Rakell. 0:13 of 2nd period - Stopped by Stuart Skinner without a rebound. 0:14 of 2nd period - Alexander Kerfoot wins face-off versus Nicholas Ritchie in RENO LIONS zone. 0:15 of 2nd period - Shot by Dominik Kubalik. 0:15 of 2nd period - Shot Misses the Net. 0:30 of 2nd period - Shot by Dominik Kubalik. 0:30 of 2nd period - Shot Misses the Net. 0:32 of 2nd period - Shot by Alexander Kerfoot. 0:32 of 2nd period - Stopped by Stuart Skinner without a rebound. 0:33 of 2nd period - Pierre-Luc Dubois wins face-off versus Rickard Rakell in RENO LIONS zone. 0:38 of 2nd period - Max Jones is hit by Elias Pettersson and loses puck. 0:50 of 2nd period - Icing by Brady Skjei. 0:51 of 2nd period - Jacob Peterson wins face-off versus Kirill Kaprizov in RENO LIONS zone. 0:52 of 2nd period - Shot by Pavol Regenda. 0:52 of 2nd period - Shot Blocked by Elias Pettersson. 0:54 of 2nd period - Shot by Marco Scandella. 0:54 of 2nd period - Stopped by Stuart Skinner without a rebound. 0:55 of 2nd period - Rickard Rakell wins face-off versus Max Domi in RENO LIONS zone. 0:56 of 2nd period - Shot by Andrei Kuzmenko. 0:56 of 2nd period - Deflect By Rickard Rakell. 0:56 of 2nd period - Shot Blocked by Mattias Samuelsson. 1:05 of 2nd period - Icing by Mattias Samuelsson. 1:06 of 2nd period - Nick Bjugstad wins face-off versus Patric Hornqvist in RENO LIONS zone. 1:23 of 2nd period - Shot by Alexander Kerfoot. 1:23 of 2nd period - Shot Misses the Net. 2:13 of 2nd period - Rickard Rakell is hit by Elias Pettersson. 2:17 of 2nd period - Shot by Andrei Kuzmenko. 2:17 of 2nd period - Stopped by Stuart Skinner with a rebound. 2:42 of 2nd period - Shot by Andrei Kuzmenko. 2:42 of 2nd period - Shot Blocked by Trevor van Riemsdyk. 2:48 of 2nd period - Shot by Max Jones. 2:48 of 2nd period - Shot Blocked by Kirill Kaprizov. 2:50 of 2nd period - Shot by John Klingberg. 2:50 of 2nd period - Stopped by Stuart Skinner without a rebound. 2:51 of 2nd period - Jacob Peterson wins face-off versus Trent Frederic in RENO LIONS zone. 3:25 of 2nd period - Jacob Peterson is hit by Nicholas Ritchie and loses puck. 3:43 of 2nd period - Nick Bj